Map: Sequencer LE

Players

Dayshi - Winner!

  • Race: Terran Terran
  • Spawn Location: 1:00

Elroye

  • Race: Zerg Zerg
  • Spawn Location: 7:00

Event: WCS Valencia 2017

VOD

Have the link to the VOD?

Description

Time

  • Played on: July 13, 2017, 9:25 a.m.
  • Length: 8:27

All games in this series

Show
View Real Time Build Order
Export as new Build Order

Dayshi Terran - Winner!

Build Orders: Reaper Expand, Hellion Banshee, MMM Bio 

Get SALT Encoding   

  12  0:00  SCV  
  13  0:12  SCV  
  14  0:17  Supply Depot  
  14  0:24  SCV  
  14  0:28  Refinery  
  15  0:38  SCV  
  16  0:44  Barracks  
  16  0:51  SCV  
  17  1:03  SCV  
  18  1:15  SCV  
  19  1:31  Orbital Command, Reaper  
  20  1:43  Command Center  
  20  1:56  Factory  
  20  1:57  SCV  
  21  2:05  Barracks Reactor  
  21  2:07  Supply Depot  
  21  2:11  SCV  
  21  2:15  Refinery  
  22  2:23  SCV  
  23  2:35  SCV  
  24  2:47  SCV, Starport  
  24  2:50  Hellion x2  
  29  2:59  SCV, Barracks Tech Lab  
  29  3:01  Orbital Command  
  30  3:11  Hellion, SCV  
  30  3:12  Hellion  
  35  3:23  SCV, Supply Depot  
  36  3:31  SCV  
  36  3:32  Cloaking Field  
  36  3:34  Banshee  
  40  3:46  SCV x2  
  40  3:48  Hellion x2  
  42  3:50  Barracks Tech Lab  
  42  3:58  SCV x2  
  42  4:00  Supply Depot  
  44  4:09  Hellion x2  
  47  4:10  SCV x2  
  47  4:12  Marine  
  47  4:13  Stimpack  
  47  4:17  Banshee  
  50  4:22  Supply Depot  
  50  4:23  SCV  
  54  4:24  SCV  
  54  4:30  Marine  
  56  4:35  SCV  
  56  4:36  SCV  
  58  4:45  Supply Depot  
  58  4:46  Barracks  
  58  4:48  SCV, Barracks  
  58  4:49  SCV  
  60  4:58  Command Center  
  58  5:03  SCV x2  
  60  5:14  Marine  
  60  5:15  SCV x2, Engineering Bay x2  
  60  5:16  Refinery  
  60  5:17  Refinery  
  60  5:20  Factory Reactor  
  63  5:23  Starport Reactor  
  63  5:34  SCV x2  
  65  5:38  Marine  
  65  5:39  Marine x2  
  68  5:43  Barracks  
  68  5:45  Terran Infantry Armor Level 1, Barracks, Terran Infantry Weapons Level 1  
  68  5:51  Supply Depot  
  68  5:52  SCV x2  
  68  5:56  Marine  
  71  5:57  Marine x2  
  71  6:04  Marine x2, Medivac x2  
  71  6:07  SCV x2  
  75  6:12  Orbital Command  
  75  6:13  Combat Shields  
  75  6:14  Marine  
  75  6:15  Marine x2  
  78  6:22  Marine x2  
  78  6:23  SCV  
  78  6:24  SCV  
  82  6:31  Supply Depot  
  82  6:32  Marine x2  
  83  6:34  Barracks Reactor x2  
  83  6:36  Marine  
  83  6:38  Orbital Command  
  85  6:40  Marine x2  
  85  6:46  Siege Tank, Medivac x2  
  94  6:49  SCV x2  
  94  6:50  Marine x2  
  94  6:51  Armory  
  94  6:54  Marine  
  96  6:58  Marine x2  
  98  7:07  Marine  
  98  7:08  Marine  
  99  7:13  SCV x2, Marine x2  
  99  7:14  Marine x3  
  104  7:16  Medivac x2  
  104  7:22  SCV  
  109  7:25  Supply Depot x2  
  109  7:31  Siege Tank, SCV x2  
  109  7:34  SCV  
  109  7:35  Marine  
  109  7:36  Marine x5  
  109  7:38  Marine x2  
  107  7:47  Marine  
  104  7:53  Marine x3  
  104  7:54  Marine x3  
  104  7:55  Medivac  
  104  7:56  Marine x2  
  104  7:58  SCV x3  
  117  8:00  Supply Depot  
  117  8:03  Bunker  
  117  8:05  Marine, Supply Depot  
  120  8:10  SCV x2  
  125  8:14  Refinery x2  
Show
View Real Time Build Order
Export as new Build Order

Elroye Zerg 

Build Orders: Hatch First 

Get SALT Encoding   

  12  0:01  Drone  
  13  0:12  Overlord  
  13  0:17  Drone  
  14  0:30  Drone x2  
  14  0:34  Drone  
  17  0:52  Hatchery  
  17  0:54  Drone  
  17  0:58  Drone  
  17  1:04  Extractor  
  17  1:13  Spawning Pool  
  17  1:18  Drone  
  17  1:20  Drone  
  18  1:28  Drone  
  19  1:39  Overlord  
  19  1:51  Drone  
  20  2:00  Queen  
  22  2:02  Zergling x2  
  22  2:05  Metabolic Boost  
  22  2:06  Queen  
  25  2:10  Zergling x2  
  26  2:15  Drone  
  26  2:16  Drone  
  28  2:24  Drone  
  28  2:27  Drone  
  30  2:39  Drone x2  
  30  2:40  Queen  
  34  2:44  Queen  
  36  2:54  Overlord  
  35  3:01  Drone  
  36  3:13  Hatchery, Drone x3  
  36  3:14  Drone  
  39  3:22  Overlord  
  39  3:23  Drone x2  
  41  3:34  Drone x3  
  41  3:38  Spore Crawler  
  41  3:46  Drone x3  
  41  3:50  Drone x2  
  41  3:53  Drone x2  
  45  3:56  Drone  
  45  4:12  Drone x4  
  45  4:14  Queen  
  45  4:15  Overlord  
  51  4:18  Baneling Nest, Queen  
  52  4:29  Overlord  
  52  4:30  Drone x4  
  56  4:34  Extractor  
  55  4:41  Queen  
  55  4:42  Drone x2  
  55  4:43  Drone x4  
  63  4:48  Zergling x6  
  66  4:55  Spore Crawler  
  66  4:56  Spore Crawler  
  64  5:03  Zergling x6  
  64  5:04  Zergling x2  
  64  5:05  Spore Crawler  
  60  5:27  Drone  
  60  5:28  Drone x7  
  65  5:34  Drone x2  
  65  5:35  Overlord  
  66  5:39  Overlord  
  64  5:50  Drone  
  64  5:51  Drone  
  60  6:08  Drone  
  60  6:09  Drone x8  
  69  6:11  Extractor  
  69  6:12  Lair  
  69  6:15  Evolution Chamber, Drone x4  
  69  6:16  Evolution Chamber  
  69  6:17  Extractor  
  67  6:26  Drone x2  
  67  6:27  Drone  
  70  6:33  Drone x3  
  73  6:40  Drone x3  
  73  6:41  Drone x2  
  73  6:43  Drone x2  
  73  6:44  Hatchery  
  79  6:49  Drone  
  79  6:50  Drone  
  81  6:58  Extractor  
  81  7:01  Baneling x4  
  80  7:06  Spore Crawler  
  77  7:14  Drone x3  
  78  7:19  Drone  
  78  7:20  Hydralisk Den  
  79  7:28  Zergling x18  
  79  7:29  Zergling x2  
  81  7:30  Hatchery  
  73  7:47  Drone x7  
  73  7:48  Drone x3  
  82  7:54  Overlord  
  82  7:55  Overlord  
  82  8:00  Drone x5  
  82  8:01  Drone  
  82  8:02  Overlord  
  88  8:06  Overlord  
Tags
 
Add a new tag
Caveats
  • Supply blocks, unpowered buildings, or Contaminate may cause inaccurate times.
  • Supply counts are checked every 10 seconds.